 Dungeon Crawl Stone Soup version 0.26.1-11-gd32895ea62 (webtiles) character file.

Game seed: 1839311115742818408

67070 hawla the Destroyer (level 14, -2/122 HPs)
             Began as a Black Draconian Conjurer on July 7, 2021.
             Was a High Priest of Vehumet.
             Slain by a death yak (12 damage)
             ... while petrified by a basilisk
             ... on level 3 of the Lair of Beasts on July 8, 2021.
             The game lasted 01:31:31 (29738 turns).

hawla the Destroyer (Black Draconian Conjurer)     Turns: 29738, Time: 01:31:32

Health: -2/122     AC: 13    Str: 11    XL:     14   Next: 81%
Magic:  16/47      EV:  2    Int: 24    God:    Vehumet [*****.]
Gold:   2175       SH:  0    Dex: 16    Spells: 3/35 levels left

rFire    . . .     SeeInvis .   o - staff of poison
rCold    + . .     Faith    .   s - +3 buckler
rNeg     + + +     Spirit   .   (armour unavailable)
rPois    ∞         Reflect  +   (helmet restricted)
rElec    +         Harm     .   A - +2 cloak {rCorr}
rCorr    +         Rampage  .   d - +1 pair of gloves
Will     +....                  (no boots)
Stlth    +++.......             l - amulet of reflection
HPRegen  0.30/turn              D - ring of Xewkaimi {MP+9 Str+2 Dex+6}
MPRegen  0.30/turn              C - ring of magical power

@: petrified, studying Fighting
A: breathe lightning, unfitting armour, big wings, blurry vision 1, cold
resistance 1, deterioration 1, electricity resistance, cold-blooded, AC +8
a: Breathe Lightning, Fly, Renounce Religion


You were on level 3 of the Lair of Beasts.
You worshipped Vehumet.
Vehumet was extremely pleased with you.
You visited 3 branches of the dungeon, and saw 19 of its levels.
You also visited: Bailey and Ice Cave.

You collected 2229 gold pieces.
You spent 54 gold pieces at shops.

Inventory:

Missiles
 h - 14 datura-tipped darts
 i - 109 poisoned darts (quivered)
 k - 15 javelins
 u - 54 boomerangs
 J - 19 curare-tipped darts
 P - 2 boomerangs of dispersal
Armour
 d - a +1 pair of gloves (worn)
 s - a +3 buckler (worn)
 A - a +2 cloak of preservation (worn)
Magical Staves
 o - an uncursed staff of poison (weapon)
 v - an uncursed staff of cold
 M - an uncursed staff of fire
Jewellery
 l - an amulet of reflection (around neck)
 y - an uncursed ring of poison resistance
 z - a +6 ring of dexterity
 C - a ring of magical power (right hand)
 D - the ring of Xewkaimi (left hand) {MP+9 Str+2 Dex+6}
   (You found it on level 9 of the Dungeon)

   [ring of dexterity]

   It affects your strength (+2).
   It affects your dexterity (+6).
   It affects your magic capacity (+9).
 F - a +4 ring of evasion
 V - a +4 ring of slaying {unknown}
Wands
 j - a wand of digging (6)
 m - a wand of acid (15)
 p - a wand of flame (76)
 t - a wand of iceblast (16)
 w - a wand of disintegration (31)
 x - a wand of random effects (13)
 K - a wand of polymorph (7)
 L - a wand of paralysis (8)
Scrolls
 f - 4 scrolls of teleportation
 g - a scroll of fog
 r - 9 scrolls of remove curse
 B - 4 scrolls of identify
 E - a scroll of magic mapping
 U - a scroll of torment
Potions
 a - 4 potions of brilliance
 b - 7 potions of curing
 c - 4 potions of attraction
 n - a potion of heal wounds
 q - 2 potions of flight
 G - 2 potions of ambrosia
 H - a potion of invisibility
 I - 3 potions of berserk rage
 N - a potion of resistance
 R - 3 potions of might
Books
 O - a manual of Fighting
Miscellaneous
 e - a phantom mirror
 Q - a condenser vane
 S - a phial of floods
 T - a phantom mirror


   Skills:
 + Level 10.9 Fighting
 - Level 0.1(7.7) Polearms
 - Level 11.9(12.0) Staves
 - Level 2.0 Throwing
 - Level 5.0 Dodging
 - Level 5.0 Stealth
 - Level 4.0 Shields
 + Level 11.0 Spellcasting
 - Level 12.0 Conjurations
 - Level 6.0 Necromancy
 - Level 8.0 Translocations
 - Level 8.0 Ice Magic
 - Level 3.0 Air Magic
 - Level 2.0 Evocations


You had 3 spell levels left.
You knew the following spells:

 Your Spells              Type           Power        Failure   Level
a - Lightning Bolt        Conj/Air       24%          1%          5
b - Searing Ray           Conj           100%         1%          2
c - Iskenderun's Mystic   Conj/Tloc      57%          1%          4
d - Freeze                Ice            100%         1%          1
e - Vampiric Draining     Necr           21%          1%          3
f - Hailstorm             Conj/Ice       57%          1%          4
g - Iskenderun's Battles  Conj           63%          1%          5
h - Freezing Cloud        Conj/Ice/Air   25%          9%          6
i - Blink                 Tloc           N/A          1%          2

Your spell library contained the following spells:

 Spells                   Type           Power        Failure   Level
 Spellforged Servitor     Conj/Summ      21%          61%         7
 Animate Skeleton         Necr           84%          1%          1
 Magic Dart               Conj           100%         1%          1
 Pain                     Necr           100%         1%          1
 Sandblast                Erth           26%          1%          1
 Shock                    Conj/Air       100%         1%          1
 Swiftness                Air            27%          1%          2
 Conjure Flame            Conj/Fire      42%          1%          3
 Dazzling Flash           Conj/Hex       84%          1%          3
 Frozen Ramparts          Ice            100%         1%          3
 Gell's Gravitas          Tloc           25%          1%          3
 Mephitic Cloud           Conj/Pois/Air  54%          1%          3
 Ozocubu's Armour         Ice            51%          1%          3
 Static Discharge         Conj/Air       49%          1%          3
 Stone Arrow              Conj/Erth      84%          1%          3
 Poisonous Vapours        Pois/Air       60%          3%          2
 Beastly Appendage        Tmut           26%          4%          1
 Sting                    Tmut/Pois      76%          4%          1
 Ignite Poison            Fire/Tmut/Pois 19%          4%          3
 Call Imp                 Summ           13%          7%          2
 Passwall                 Tmut/Erth      10%          7%          2
 Slow                     Hex            13%          7%          2
 Wereblood                Tmut           13%          7%          2
 Confusing Touch          Hex            13%          14%         3
 Spider Form              Tmut/Pois      9%           14%         3
 Fulminant Prism          Conj/Hex       21%          1%          4
 Airstrike                Air            13%          4%          4
 Animate Dead             Necr           21%          4%          4
 Ice Form                 Ice/Tmut       32%          9%          4
 Summon Ice Beast         Ice/Summ       32%          9%          4
 Agony                    Necr           42%          11%         5
 Olgreb's Toxic Radiance  Pois           19%          13%         4
 Metabolic Englaciation   Hex/Ice        16%          26%         5
 Lee's Rapid Deconstruct  Erth           6%           32%         5
 Yara's Violent Unravell  Hex/Tmut       6%           32%         5
 Petrify                  Tmut/Erth      13%          43%         4
 Blade Hands              Tmut           6%           78%         5


Dungeon Overview and Level Annotations

Branches:
Dungeon (15/15)            Temple (1/1) D:4            Lair (3/6) D:10
  Snake (0/4) Lair:2          Orc (0/2) D:12         Vaults (0/5) D:14
 Depths (0/5) D:15         Bailey (visited)           IceCv (visited)
  Swamp: Lair:2-4    Shoals: Lair:2-4

Altars:
Ashenzari
Cheibriados
Dithmenos
Elyvilon
Fedhas
Gozag
Hepliaklqana
Kikubaaqudgha
Makhleb
Nemelex Xobeh
Okawaru
Qazlal
Ru
Sif Muna
Trog
Uskayaw
Vehumet
Wu Jian
Xom
Yredelemnul
Zin
The Shining One

Shops:
D:10 [   D:12 [   D:14 (

Portals:
Trove: D:10 (give 9 potions of haste)


Innate Abilities, Weirdness & Mutations

You can breathe wild blasts of lightning.
Your glossy black scales are hard. (AC +8)
You cannot fit into any form of body armour.
Your large and strong wings let you fly indefinitely.
You are resistant to electric shocks. (rElec)
You are cold-blooded and may be slowed by cold attacks.
Scrolls take you a little longer to read.
Your flesh is cold resistant. (rC+)
Your body sometimes deteriorates upon taking damage.


Message History

The death yak gores you! The death yak gores you!!
The blink frog hits you but does no damage.
The death yak gores you but does no damage.
The death yak gores you!
You hear an angry growl.
Your magical contamination has completely faded away.
The blink frog hits you!
The blink frog blinks!
The blink frog hits you but does no damage.
The death yak gores you!
* * * LOW HITPOINT WARNING * * *
The death yak gores you but does no damage. x2
The blink frog hits you!
* * * LOW HITPOINT WARNING * * *
The blink frog blinks!
The death yak gores you!
* * * LOW HITPOINT WARNING * * *
The death yak barely misses you. The death yak gores you!
* * * LOW HITPOINT WARNING * * *
The blink frog blinks!
The death yak gores you!!
You die...

##.. #... #...
##..F .
###....## .#
........# ..#
......§÷## ....
†...††Y@Y#.....
......YYl÷##...
..$......÷÷....
...............
##.##.........§.
#. ###........P
# ##......##
###..... #....


You could see 4 death yaks, a basilisk and a blink frog.

Vanquished Creatures
  Jorgrun (D:15)
  Frances (D:14)
  The ghost of Siutsux the Blocker, a journeyman MiFi of Okawaru (D:14)
  2 fire dragons (D:15)
  Snorg (D:11)
  2 vault guards (D:14)
  A catoblepas (Lair:3)
  Erica (D:8)
  11 two-headed ogres
  2 centaur warriors
  3 ogre magi (D:15)
  2 tengu warriors
  A death yak (Lair:3)
  Urug (D:10)
  Sonja (Lair:1)
  5 skeletal warriors
  An unseen horror (D:10)
  Pikel (D:6)
  4 necromancers
  2 deep elf magi
  2 cyclopes
  2 orc knights (D:15)
  An orc sorcerer (D:15)
  17 ugly things
  Maurice (D:10)
  A centaur zombie (D:15)
  A black mamba (Lair:3)
  2 ice statues (IceCv)
  Psyche (D:8)
  A gargoyle (D:12)
  2 rime drakes
  2 cane toads
  2 komodo dragons
  The ghost of oc3rt the Bolt Thrower, a novice KoHu of Gozag (D:5)
  7 ice devils (IceCv)
  2 tengu conjurers
  A queen bee (shapeshifter) (D:15)
  3 hornets
  5 trolls
  A harpy skeleton (D:15)
  Prince Ribbit (D:6)
  15 blink frogs
  Grinder (D:5)
  A meliai zombie (D:13)
  Sigmund (D:5)
  6 wyverns
  20 humans (D:14)
  A steam dragon (D:8)
  2 basilisks (Lair:1)
  8 vampire mosquitoes (D:13)
  2 nagas (Lair:2)
  Edmund (D:5)
  2 acid dragons
  4 water moccasins
  A soldier ant (D:12)
  9 ice beasts
  17 orc warriors
  3 sky beasts
  2 phantoms
  An eye of draining (D:11)
  2 hornet zombies
  13 ogres
  4 wolves (Lair:2)
  2 necrophages
  8 centaurs
  The ghost of 2bobheroes the Sneak, an amateur OpBr (D:3)
  A lemure (D:6)
  12 bullfrogs
  4 big kobolds
  A water moccasin zombie (D:10)
  6 scorpions
  A wyvern skeleton (D:9)
  6 killer bees (D:10)
  A howler monkey (D:5)
  12 wights
  4 electric eels
  2 draconian simulacra (IceCv)
  4 bullfrog zombies
  A quasit (D:6)
  3 jellies
  6 centaur skeletons
  13 orc priests
  A gnoll shaman (D:7)
  5 hounds
  A bullfrog skeleton (D:12)
  An iguana (D:7)
  10 orc wizards
  7 worker ants
  A killer bee zombie (D:7)
  A troll simulacrum (IceCv)
  5 centaur simulacra
  A worker ant zombie (D:7)
  4 gnolls
  7 adders
  2 naga simulacra (IceCv)
  An ogre simulacrum (IceCv)
  2 shadow imps
  2 white imps
  5 ufetubi
  An ooze (D:5)
  An adder zombie (D:5)
  An adder skeleton (D:9)
  3 worms
  5 leopard geckos
  62 orcs
  4 giant cockroaches
  10 goblins
  11 hobgoblins
  18 jackals
  7 quokkas
  3 ball pythons
  4 bats
  4 frilled lizards
  39 kobolds
  7 rats
540 creatures vanquished.

Vanquished Creatures (collateral kills)
  A two-headed ogre (D:12)
  An ice beast (D:12)
  A jelly (D:12)
  A worker ant (D:12)
4 creatures vanquished.

Vanquished Creatures (others)
  16 fungi
  20 plants
  4 toadstools (D:1)
40 creatures vanquished.

Grand Total: 584 creatures vanquished

Notes
Turn   | Place    | Note
-------+----------+-------------------------------------------
     0 | D:1      | hawla the Draconian Conjurer began the quest for the Orb.
     0 | D:1      | Reached XP level 1. HP: 14/14 MP: 3/3
   484 | D:1      | Reached XP level 2. HP: 15/22 MP: 0/5
   487 | D:1      | Learned a level 2 spell: Searing Ray
  1072 | D:1      | Reached skill level 1 in Fighting
  1149 | D:2      | Reached skill level 1 in Translocations
  1552 | D:2      | Reached XP level 3. HP: 25/28 MP: 0/6
  2706 | D:3      | Found a runed translucent gate.
  2706 | D:3      | Noticed a big kobold
  2707 | D:3      | Found a runed translucent gate.
  2707 | D:3      | Noticed 2bobheroes's ghost (amateur OpBr)
  2707 | D:3      | Noticed a big kobold
  2708 | D:3      | Found a runed translucent gate.
  2708 | D:3      | Identified the cursed +0 dagger "Kiupt" {chaos, +Inv Will-
                  | Str+6}
  2813 | D:3      | Reached XP level 4. HP: 35/35 MP: 5/8
  2818 | D:3      | Learned a level 4 spell: Iskenderun's Mystic Blast
  2862 | D:3      | Found a faded altar of an unknown god.
  4265 | D:4      | Reached XP level 5. HP: 35/40 MP: 3/9
  4358 | D:4      | Found a staircase to the Ecumenical Temple.
  4469 | Temple   | Entered the Ecumenical Temple
  4591 | Temple   | Became a worshipper of Vehumet
  5231 | D:4      | Reached skill level 5 in Conjurations
  5276 | D:4      | Found a shimmering blue altar of Sif Muna.
  5389 | D:4      | HP: 2/40 [poisoned by a worker ant]
  5394 | D:4      | HP: 1/40 [poisoned by a worker ant]
  5838 | D:5      | Entered Level 5 of the Dungeon
  5871 | D:5      | Noticed Sigmund
  5906 | D:5      | Reached XP level 6. HP: 21/47 MP: 1/10
  6597 | D:5      | Noticed Grinder
  6603 | D:5      | Paralysed by Grinder for 3 turns
  6615 | D:5      | HP: 2/47 [Grinder (5)]
  6627 | D:5      | Killed Grinder
  6628 | D:5      | Reached skill level 5 in Translocations
  6628 | D:5      | Your scales start taking on a glossy black colour.
  6628 | D:5      | Reached XP level 7. HP: 19/52 MP: 8/13
  6628 | D:5      | Gained mutation: You are resistant to electric shocks.
                  | (rElec) [Black Draconian growth]
  6915 | D:5      | Found a runed translucent door.
  6916 | D:5      | Noticed oc3rt's ghost (novice KoHu)
  6948 | D:5      | Noticed Edmund
  7080 | D:5      | Killed Sigmund
  7081 | D:5      | Killed Edmund
  7082 | D:5      | Reached skill level 6 in Conjurations
  7178 | D:5      | Reached * piety under Vehumet
  7178 | D:5      | Offered knowledge of Freeze by Vehumet.
  7181 | D:5      | Learned a level 1 spell: Freeze
  7429 | D:5      | Reached XP level 8. HP: 61/61 MP: 3/15
  7885 | D:5      | Reached skill level 5 in Spellcasting
  8043 | D:6      | Noticed Prince Ribbit
  8304 | D:6      | Found a hazy altar of Hepliaklqana.
  8308 | D:6      | Found a shadowy altar of Dithmenos.
  8465 | D:6      | Killed Prince Ribbit
  8466 | D:6      | Reached skill level 1 in Shields
  8466 | D:6      | Reached skill level 1 in Ice Magic
  8576 | D:6      | Noticed Pikel
  8612 | D:6      | Killed Pikel
  9092 | D:7      | Reached XP level 9. HP: 67/67 MP: 3/18
  9354 | D:7      | Found a white marble altar of Elyvilon.
  9367 | D:7      | Reached ** piety under Vehumet
  9369 | D:7      | Offered knowledge of Sandblast by Vehumet.
  9543 | D:7      | Found a glowing silver altar of Zin.
  9716 | D:7      | Found a shimmering altar of Xom.
 10071 | D:8      | Noticed Erica
 10084 | D:8      | Killed Erica
 10085 | D:8      | Reached skill level 1 in Staves
 10085 | D:8      | Reached skill level 7 in Conjurations
 10449 | D:8      | Noticed Psyche
 10457 | D:8      | Killed Psyche
 10787 | D:8      | Reached XP level 10. HP: 72/77 MP: 9/20
 11164 | D:9      | Offered knowledge of Stone Arrow by Vehumet.
 11169 | D:9      | Learned a level 3 spell: Vampiric Draining
 11626 | D:9      | Got a steaming brass ring
 11628 | D:9      | Identified the ring of Xewkaimi {MP+9 Str+2 Dex+6} (You
                  | found it on level 9 of the Dungeon)
 11906 | D:9      | Reached skill level 1 in Necromancy
 12329 | D:10     | Entered Level 10 of the Dungeon
 12340 | D:10     | Found a flagged portal.
 12352 | Bailey   | Entered a bailey
 12368 | Bailey   | Reached *** piety under Vehumet
 12385 | Bailey   | Gained mutation: Scrolls take you a little longer to read.
                  | [potion of mutation]
 12385 | Bailey   | Gained mutation: Your body sometimes deteriorates upon
                  | taking damage. [potion of mutation]
 12385 | Bailey   | Gained mutation: Your flesh is cold resistant. (rC+)
                  | [potion of mutation]
 12504 | Bailey   | Found a bloodstained altar of Trog.
 12781 | D:10     | Reached skill level 8 in Conjurations
 13044 | D:9      | Learned a level 4 spell: Hailstorm
 13047 | D:10     | Found Xacue's Armour Shoppe.
 13064 | D:10     | Bought a +0 cloak for 54 gold pieces
 13120 | D:10     | Noticed a two-headed ogre
 13128 | D:10     | Killed a two-headed ogre
 13236 | D:10     | Offered knowledge of Conjure Flame by Vehumet.
 13554 | D:10     | Killed an unseen horror
 13730 | D:10     | Reached **** piety under Vehumet
 13731 | D:10     | Reached XP level 11. HP: 66/80 MP: 24/24
 13852 | D:10     | Found a staircase to the Lair.
 14000 | D:10     | Found a portal to a secret trove of treasure.
 14303 | D:11     | Found a snail-covered altar of Cheibriados.
 14343 | D:10     | Noticed Urug
 14344 | D:10     | Noticed Maurice
 14360 | D:10     | Killed Urug
 14369 | D:10     | Killed Maurice
 14791 | D:11     | Offered knowledge of Iskenderun's Battlesphere by Vehumet.
 14798 | D:11     | Learned a level 5 spell: Iskenderun's Battlesphere
 15001 | D:11     | Noticed Snorg
 15027 | D:11     | Killed Snorg
 15028 | D:11     | Reached skill level 9 in Conjurations
 15508 | D:12     | Noticed a two-headed ogre
 15515 | D:12     | Killed a two-headed ogre
 15516 | D:12     | Reached skill level 5 in Dodging
 15943 | D:12     | Found Eratic's Armour Shop.
 15985 | D:12     | Found a frozen archway.
 16004 | IceCv    | Entered an ice cave
 16097 | IceCv    | Reached skill level 10 in Spellcasting
 16099 | IceCv    | Reached skill level 1 in Throwing
 17456 | IceCv    | Reached skill level 10 in Conjurations
 17693 | IceCv    | Noticed a necromancer
 17698 | IceCv    | Identified the +6 morningstar of Dim Light {vorpal, rElec
                  | rF- Int+3}
 17706 | IceCv    | Killed a necromancer
 17707 | IceCv    | Reached skill level 1 in Evocations
 18054 | D:12     | Reached XP level 12. HP: 80/92 MP: 16/26
 18055 | D:12     | Reached ***** piety under Vehumet
 18234 | D:12     | Offered knowledge of Starburst by Vehumet.
 18434 | D:12     | Found a staircase to the Orcish Mines.
 19212 | D:12     | Learned a level 5 spell: Lightning Bolt
 19333 | D:13     | Reached skill level 5 in Fighting
 20112 | D:13     | Reached skill level 5 in Stealth
 20181 | D:13     | Noticed a centaur warrior
 20186 | D:13     | Killed a centaur warrior
 20187 | D:13     | Reached skill level 5 in Ice Magic
 20196 | D:13     | Noticed a tengu warrior
 20203 | D:13     | Killed a tengu warrior
 20577 | D:13     | Reached skill level 11 in Conjurations
 20847 | D:14     | Noticed Frances
 21416 | D:14     | Noticed a tengu warrior
 21426 | D:14     | Reached skill level 5 in Staves
 21428 | D:14     | Killed a tengu warrior
 21551 | D:14     | Killed Frances
 21731 | D:14     | Learned a level 2 spell: Blink
 21815 | D:14     | Found a runed translucent door.
 21816 | D:14     | Noticed Siutsux's ghost (journeyman MiFi)
 21824 | D:14     | Found a blossoming altar of Fedhas.
 21969 | D:14     | Reached XP level 13. HP: 100/100 MP: 26/28
 21975 | D:14     | Offered knowledge of Orb of Destruction by Vehumet.
 22180 | D:14     | Found a gate to the Vaults.
 22442 | D:14     | Found Peetah's Weapon Emporium.
 22564 | D:14     | Lost mutation: Your flesh is cold resistant. (rC+) [potion
                  | of mutation]
 22564 | D:14     | Gained mutation: You are agile. (Dex +2) [potion of
                  | mutation]
 22564 | D:14     | Lost mutation: You are agile. (Dex +2) [potion of mutation]
 22564 | D:14     | Gained mutation: Your flesh is cold resistant. (rC+)
                  | [potion of mutation]
 22764 | D:15     | Entered Level 15 of the Dungeon
 22781 | D:14     | Reached skill level 10 in Staves
 23557 | D:15     | Reached skill level 1 in Air Magic
 24002 | D:15     | Found a broken altar of Ashenzari.
 24035 | D:15     | Noticed a fire dragon
 24498 | D:3      | Killed 2bobheroes's ghost
 24700 | D:5      | Killed oc3rt's ghost
 25332 | D:15     | Gained mutation: Your large and strong wings let you fly
                  | indefinitely. [Black Draconian growth]
 25332 | D:15     | Reached XP level 14. HP: 107/107 MP: 29/29
 25576 | D:14     | Learned a level 5 spell: Lightning Bolt
 25725 | D:15     | Noticed Jorgrun
 25941 | D:15     | Reached skill level 5 in Necromancy
 25941 | D:15     | Killed Jorgrun
 26520 | D:15     | Found a staircase to the Depths.
 26873 | D:14     | Killed Siutsux's ghost
 26959 | Lair:1   | Entered Level 1 of the Lair of Beasts
 27060 | Lair:1   | Noticed Sonja
 27068 | Lair:1   | Killed Sonja
 27670 | Lair:1   | Offered knowledge of Spellforged Servitor by Vehumet.
 27690 | Lair:1   | Reached skill level 12 in Conjurations
 28049 | Lair:2   | Found a staircase to the Snake Pit.
 29465 | Lair:3   | Reached skill level 10 in Fighting
 29661 | Lair:3   | Learned a level 6 spell: Freezing Cloud
 29738 | Lair:3   | Slain by a death yak

Illustrated notes

Levels and vault maps discovered:
D:1:      dpeg_arrival_central, layout_loops_ring, st_stairs_12,
          minmay_gold_behind_fungi, hex_tiny
D:2:      layout_loops_ring, kennysheep_decorative_pillar,
          minmay_misc_feat_pillars
D:3:      layout_basic, gammafunk_ghost_nasty_kobolds,
          chequers_ecumenical_altar_simple
D:4:      layout_basic, tgw_sif, minmay_temple_entry_wispy,
          kennysheep_generic_room_10
D:5:      corexii_shack_village, layout_basic, ebering_ghost_sewer_d,
          uniq_sigmund, uniq_edmund, uniq_grinder
D:6:      layout_loops_ring, riverfiend_overflow_shadow_ancestor,
          uniq_prince_ribbit1, uniq_pikel
D:7:      layout_basic, marbit_many_paths, overflow_temple_1_default,
          basic_altar
D:8:      layout_gridville, uniq_psyche, uniq_erica
D:9:      layout_gridville, dk_noncrumbling_4
D:10:     layout_rooms, lair_entry_dummy, enter_trove_6, serial_shops,
          nicolae_shop_behind_doors, enter_bailey_3, hangedman_glass_teeth,
          uniq_urug, uniq_maurice
D:11:     layout_rooms, minmay_statues_item, cheibriados_altar_1, uniq_snorg
D:12:     layout_cave_pools, erik_orc_3, portal_ice_cave_entry_ice_beasts,
          serial_co_window_serial, co_window_paths_a, co_window_corner_a,
          co_window_paths_b, co_window_of_opportunity_a, co_window_corner_a,
          co_window_of_opportunity_b, co_window_unsneaky_path_d,
          co_window_paths_c, co_window_broadway_b, co_window_unsneaky_path_b,
          co_window_paths_c, co_window_4corner_b, glass_columns_b,
          glass_columns_a, serial_shops, nicolae_shop_window_shopping
D:13:     layout_roguey
D:14:     layout_gridville, grunt_vaults_entry_tiered, serial_shops, shop,
          ebering_ghost_reflecting_pool, fedhas_altar_3, uniq_frances
D:15:     grunt_enter_depths_hoard, layout_basic, ashenzari_altar_1,
          uniq_jorgrun
Temple:   minmay_crystal_spiral_temple
Lair:1:   layout_regular_city, nicolae_quartered_pool_little, lemuel_fruit_tree,
          infiniplex_staircase_pool_2, grunt_megastairs_2, serial_bayou_shore_b,
          uniq_sonja
Lair:2:   layout_chaotic_city, minmay_snake_entry_guardpost_small, st_stairs_3,
          serial_bayou_shore_a
Lair:3:   dpeg_oklob_gauntlet, layout_layer_cave, swamp_mist,
          amcnicky_altar_gilded

Skill      XL: |  1  2  3  4  5  6  7  8  9 10 11 12 13 14 |
---------------+-------------------------------------------+-----
Fighting       | 1 2 3 4 5 10 | 10.9
Translocations | 1 2 4 5 6 7 8 |  8.0
Spellcasting   | 3 4 6 7 9 10 11 | 11.0
Conjurations   | 5 6 7 8 10 11 12 | 12.0
Dodging        | 2 3 4 5 |  5.0
Stealth        | 2 3 4 5 |  5.0
Shields        | 1 3 4 |  4.0
Ice Magic      | 2 3 4 5 8 |  8.0
Staves         | 1 2 7 11 | 11.9
Necromancy     | 2 3 4 6 |  6.0
Throwing       | 1 2 |  2.0
Evocations     | 1 2 |  2.0
Air Magic      | 3 |  3.0
Polearms       | |  0.1

Action                   |  1- 3 |  4- 6 |  7- 9 | 10-12 | 13-15 || total
-------------------------+-------+-------+-------+-------+-------++-------
Melee: Unarmed           |    26 |    49 |     6 |       |       ||    81
       Tailslap          |     3 |     7 |     6 |    15 |     4 ||    35
       Trident           |       |     7 |       |       |       ||     7
       Staff             |       |       |    53 |   112 |    30 ||   195
       Morningstar       |       |       |       |       |     3 ||     3
Throw: Dart              |       |       |       |     5 |     1 ||     6
 Cast: Magic Dart        |    49 |    23 |    13 |    69 |     3 ||   157
       Searing Ray       |    15 |    41 |    45 |    77 |    27 ||   205
       Iskenderun's Myst |       |     4 |    23 |   179 |   166 ||   372
       Freeze            |       |       |    17 |     3 |     1 ||    21
       Vampiric Draining |       |       |       |    16 |       ||    16
       Hailstorm         |       |       |       |    28 |    57 ||    85
       Iskenderun's Batt |       |       |       |    23 |     2 ||    25
       Lightning Bolt    |       |       |       |     2 |    41 ||    43
Evoke: Wand              |       |       |     1 |    13 |     8 ||    22
       Phantom mirror    |       |       |       |     1 |       ||     1
  Use: Scroll            |     4 |     5 |     3 |    15 |    15 ||    42
       Potion            |       |     5 |     1 |     3 |     1 ||    10
 Stab: Sleeping          |       |       |       |     3 |     2 ||     5
Armor: Skin              |     7 |    22 |    38 |    54 |    42 ||   163
Dodge: Dodged            |    21 |    69 |    78 |   151 |    81 ||   400
Block: Other             |       |     6 |     7 |       |       ||    13
       Buckler           |       |       |    46 |   180 |    94 ||   320
       Reflection        |       |       |     1 |    30 |    10 ||    41
